 Dungeon Crawl Stone Soup version 0.30-a0-930-gb9d0489357 (webtiles) character file.

Game seed: 15767498530537788562

1920 kiwi3s the Trooper (level 8, -4/74 HPs)
             Began as a Minotaur Berserker on Mar 23, 2023.
             Was an Elder of Trog.
             Shot with an arrow by a centaur (7 damage)
             ... on level 6 of the Dungeon.
             The game lasted 00:05:35 (4187 turns).

kiwi3s the Trooper (Minotaur Berserker)             Turns: 4187, Time: 00:05:36

Health: -4/74      AC: 10    Str: 24    XL:     8   Next: 96%
Magic:  7/7        EV: 13    Int:  4    God:    Trog [****..]
Gold:   341        SH:  0    Dex: 16    Spells: 7/7 levels left

rFire   . . .      SeeInvis .    o - +4 hand axe
rCold   . . .      Faith    .    (no shield)
rNeg    . . .      Spirit   .    h - +0 scale mail
rPois   .          Reflect  .    (helmet restricted)
rElec   .          Rampage  .    l - +0 cloak
rCorr   .                        r - +0 pair of gloves
Will    .....                    (no boots) Stlth
                                 (no amulet)
HPRegen 0.32/turn                c - +6 ring of dexterity
MPRegen 0.10/turn                (no ring)

@: mighty, on berserk cooldown, slowed, very slow
A: horns 2, retaliatory headbutt
a: Renounce Religion, Berserk, Trog's Hand, Brothers in Arms


You were on level 6 of the Dungeon.
You worshipped Trog.
Trog was greatly pleased with you.
You visited 1 branch of the dungeon, and saw 6 of its levels.

You collected 341 gold pieces.

Inventory:

Hand Weapons
 a - a +0 hand axe
 o - a +4 hand axe (weapon)
Missiles
 x - 7 boomerangs (quivered)
 y - 2 throwing nets
Armour
 b - a +0 animal skin
 h - a +0 scale mail (worn)
 l - a +0 cloak (worn)
 r - a +0 pair of gloves (worn)
 w - a +0 buckler
Jewellery
 c - a +6 ring of dexterity (left hand)
 d - a ring of fire
Wands
 k - a wand of digging (5)
 D - a wand of mindburst (8)
Scrolls
 f - a scroll of identify {unknown}
 i - a scroll of butterflies {unknown}
 m - 3 scrolls of poison {unknown}
 q - 2 scrolls of enchant armour {unknown}
 t - a scroll of blinking {unknown}
 v - a scroll of fog {unknown}
 B - a scroll of vulnerability {unknown}
Potions
 e - 2 potions of heal wounds {unknown}
 g - 3 potions of attraction {unknown}
 j - 3 potions of curing {unknown}
 n - 3 potions of brilliance {unknown}
 p - 2 potions of cancellation {unknown}
 s - a potion of might
 u - a potion of mutation {unknown}
 z - a potion of haste {unknown}
 A - 3 potions of degeneration {unknown}
 C - a potion of flight {unknown}


   Skills:
 + Level 7.8 Fighting
 + Level 7.8 Axes
 + Level 7.4 Armour
 + Level 6.7 Dodging


You had 7 spell levels left.
You didn't know any spells.
Your spell library was empty.

Dungeon Overview and Level Annotations

Branches:
Dungeon (6/15)
 Temple: D:4-7

Altars:
Ashenzari
Fedhas
Hepliaklqana
Qazlal
Yredelemnul
The Shining One

Portals:
Abyss: D:5

Annotations:
D:5 SpyderV's ghost, novice MiFi


Innate Abilities, Weirdness & Mutations

You have a pair of horns on your head.
You reflexively headbutt those who attack you in melee.


Message History

The ball of steam hits you!
* * * LOW HITPOINT WARNING * * *
The steam dragon bites you but does no damage.
The steam dragon claws you.
* * * LOW HITPOINT WARNING * * *
You hit the steam dragon. Your headbutt misses the steam dragon.
The steam dragon is almost dead.
The steam dragon bites you.
* * * LOW HITPOINT WARNING * * *
The steam dragon barely misses you.
Unknown command.
A red film seems to cover your vision as you go berserk!
You feel yourself moving faster!
You feel mighty! The steam dragon bites you.
* * * LOW HITPOINT WARNING * * *
The steam dragon claws you but does no damage.
You hit the steam dragon.
You kill the steam dragon!
Trog accepts your kill.
You slash the iguana!
You kill the iguana!
Trog accepts your kill.
A centaur comes into view.
You are too injured to fight recklessly!
The centaur wields a +0 shortbow.
The centaur shoots an arrow.
The arrow hits you!
* * * LOW HITPOINT WARNING * * *
You feel a strong urge to attack something.
You are too berserk!
You are too berserk!
Unknown command.
You are too berserk!
You feel your anger nearly subside.
You are no longer berserk.
You are exhausted.
You feel yourself slow down.
It was a potion of might.
You feel very mighty all of a sudden.
The centaur shoots an arrow.
The arrow hits you!
* * * LOW HITPOINT WARNING * * *
The centaur shoots an arrow.
The arrow hits you!
You die...

#. #.. .#
#.###.#
#.##.c####.
#..#.##
.#.........
#.#.##
.......... #.###
.....#.# #.#
#..#.## #.#
#.....# #.#
#.##†c########.#
# #......@....#
##.##########
.... ###.## ..#
###


You could see a centaur.

Vanquished Creatures
  Grinder (D:6)
  A steam dragon (D:6)
  An orc warrior (D:4)
  3 ice beasts (D:5)
  A black bear (D:4)
  2 ogres
  A phantom (D:4)
  A kobold brigand (D:5)
  A scorpion (D:5)
  A howler monkey (D:5)
  A crimson imp (D:5)
  2 hounds
  2 jellies (D:5)
  4 orc priests
  Crazy Yiuf (D:2)
  An iron imp (D:5)
  2 iguanas
  Ijyb (D:5)
  Terence (D:2)
  2 orc wizards
  4 gnolls (D:5)
  8 adders
  A shadow imp (D:5)
  2 white imps (D:5)
  An ufetubus (D:4)
  2 worms (D:2)
  2 dart slugs
  24 orcs
  6 bats
  5 endoplasms
  4 goblins
  8 hobgoblins
  5 kobolds
  6 quokkas
  10 ball pythons
  A frilled lizard (D:3)
  3 rats
122 creatures vanquished.

Notes
Turn   | Place    | Note
-------+----------+-------------------------------------------
     0 | D:1      | kiwi3s the Minotaur Berserker began the quest for the Orb.
     0 | D:1      | Reached XP level 1. HP: 19/19 MP: 0/0
   284 | D:1      | Reached XP level 2. HP: 26/27 MP: 1/1
  1057 | D:2      | Reached ** piety under Trog
  1093 | D:2      | Reached XP level 3. HP: 25/33 MP: 2/2
  1281 | D:2      | Noticed Terence
  1297 | D:2      | Killed Terence
  1435 | D:2      | Found a runed translucent door.
  1436 | D:2      | Noticed Crazy Yiuf
  1510 | D:2      | Reached XP level 4. HP: 36/40 MP: 3/3
  1685 | D:2      | Killed Crazy Yiuf
  1785 | D:3      | Reached XP level 5. HP: 32/47 MP: 4/4
  1992 | D:3      | Found a glowing golden altar of the Shining One.
  1992 | D:3      | Found a hazy altar of Hepliaklqana.
  2312 | D:4      | Reached *** piety under Trog
  2396 | D:4      | Found a blossoming altar of Fedhas.
  2404 | D:4      | Noticed an orc warrior
  2407 | D:4      | Reached skill level 5 in Fighting
  2407 | D:4      | Reached skill level 5 in Axes
  2415 | D:4      | Killed an orc warrior
  2416 | D:4      | Reached XP level 6. HP: 56/56 MP: 5/5
  2572 | D:4      | Found a broken altar of Ashenzari.
  2622 | D:4      | Reached skill level 5 in Armour
  2622 | D:4      | Reached XP level 7. HP: 52/62 MP: 6/6
  3203 | D:5      | Entered Level 5 of the Dungeon
  3208 | D:5      | Reached skill level 5 in Dodging
  3227 | D:5      | Reached XP level 8. HP: 68/71 MP: 7/7
  3255 | D:5      | Reached **** piety under Trog
  3486 | D:5      | Found a one-way gate to the infinite horrors of the Abyss.
  3486 | D:5      | Noticed SpyderV's ghost (novice MiFi)
  3528 | D:5      | Noticed Ijyb
  3529 | D:5      | Found a transporter.
  3542 | D:5      | Killed Ijyb
  3638 | D:5      | Found a transporter.
  3745 | D:5      | Found a stormy altar of Qazlal.
  3746 | D:5      | Found a basalt altar of Yredelemnul.
  4083 | D:6      | Noticed Grinder
  4096 | D:6      | Killed Grinder
  4187 | D:6      | HP: 3/74 [centaur/arrow (7)]
  4187 | D:6      | Shot with an arrow by a centaur

Illustrated notes

Levels and vault maps discovered:
D:1:      heliophobic_arrival_ceremonial_halls, layout_basic,
          minmay_misc_feat_rugged
D:2:      layout_rooms, uniq_terence, uniq_crazy_yiuf_cottage
D:3:      layout_rooms, gammafunk_temple_overflow_statue
D:4:      layout_basic, ashenzari_conservatory_becter,
          mainiacjoe_overflow_24_doors, grunt_decor_clamped, hex_tiny
D:5:      layout_rooms, nicolae_overflow_squiral,
          gammafunk_ghost_abyssal_escape, uniq_ijyb
D:6:      layout_loops_ring, temple_pool_b, serial_shops, shop, uniq_grinder,
          uniq_edmund

Skill      XL: |  1  2  3  4  5  6  7  8 |
---------------+-------------------------+-----
Axes           | 4 5 6 7 |  7.8
Fighting       | 4 5 6 7 |  7.8
Armour         | 3 4 5 6 7 |  7.4
Dodging        | 3 4 5 6 |  6.7

Action                     |  1- 3 |  4- 6 |  7- 9 || total
---------------------------+-------+-------+-------++-------
  Melee: Hand axe          |    75 |    88 |   124 ||   287
         Headbutt          |     8 |    15 |    22 ||    45
         Punch             |     1 |       |     4 ||     5
 Invoke: Berserk           |       |     2 |     2 ||     4
    Use: Potion            |       |       |     1 ||     1
   Stab: Sleeping          |       |     1 |       ||     1
 Armour: Animal skin       |    15 |     1 |       ||    16
         Scale mail        |       |    27 |    49 ||    76
  Dodge: Dodged            |    51 |    49 |    70 ||   170

Table legend: (Time is in decaauts)
 A = Elapsed time spent in this place.
 B = Non-inter-level travel time spent in this place.
 C = Inter-level travel time spent in this place.
 D = Time resting spent in this place.
 E = Time spent auto-exploring this place.
 F = Levels seen in this place.
 G = Mean time per level.
                   A        B        C        D        E       F      G
               +--------+--------+--------+--------+--------+-----+--------+
         Total |   4210 |   4024 |    186 |    237 |   3114 |   6 |  701.7 |
       Dungeon |   4210 |   4024 |    186 |    237 |   3114 |   6 |  701.7 |
               +--------+--------+--------+--------+--------+-----+--------+

Top non-repeatable levels by time:
     D:1: 1050 daAuts
     D:4: 910 daAuts
     D:5: 849 daAuts
     D:2: 712 daAuts
     D:3: 553 daAuts
     D:6: 134 daAuts
